 Dungeon Crawl Stone Soup version 0.20.1-1-g8b1a95d (webtiles) character file.

3419 Jawreze the Slinger (level 10, -2/66 HPs)
             Began as a Halfling Hunter on Aug 27, 2017.
             Was a Follower of Yredelemnul.
             Slain by a porcupine (4 damage)
             ... on level 8 of the Dungeon.
             The game lasted 00:17:45 (8349 turns).

Jawreze the Slinger (Halfling Hunter)               Turns: 8349, Time: 00:17:46

Health: -2/66      AC:  6    Str: 13    XL:     10   Next: 25%
Magic:  10/10      EV:  3    Int:  9    God:    Yredelemnul [*.....]
Gold:   46         SH:  0    Dex: 19    Spells: 9/9 levels left

rFire    . . .     SeeInvis .   w - +1 hunting sling
rCold    . . .     Gourm    .   (shield restricted)
rNeg     + + +     Faith    .   c - +0 leather armour
rPois    ∞         Spirit   .   g - +0 helmet
rElec    .         Reflect  .   (no cloak)
rCorr    .         Harm     .   P - +0 pair of gloves
MR       .....                  y - +0 pair of boots
Stlth    ++........             (no amulet)
Regen    0.3/turn               (no ring)
MPRegen  0.2/turn               (no ring)

@: petrified
A: mutation resistance 1
a: Animate Remains, Renounce Religion


You were on level 8 of the Dungeon.
You worshipped Yredelemnul.
Yredelemnul was aware of your devotion.
You were not hungry.

You visited 2 branches of the dungeon, and saw 10 of its levels.
You also visited: Ossuary.

You collected 278 gold pieces.
You spent 232 gold pieces at shops.

Inventory:

Hand Weapons
 b - a +0 short sword
 q - a +0 long sword
 w - a +1 hunting sling (weapon)
Missiles
 d - 65 sling bullets
 h - 112 stones (quivered)
Armour
 c - a +0 leather armour (worn)
 g - a +0 helmet (worn)
 y - a +0 pair of boots (worn)
 P - a +0 pair of gloves (worn)
Jewellery
 a - an uncursed ring of fire {unknown}
 v - an uncursed amulet of guardian spirit {unknown}
 D - a cursed ring of teleportation {unknown}
 I - a +3 ring of strength {unknown}
Wands
 G - a wand of flame (29/48)
Scrolls
 e - 5 scrolls of remove curse
 i - a scroll of noise {unknown}
 k - 14 scrolls of identify
 m - 2 scrolls of fear
 o - 2 scrolls of enchant armour {unknown}
 p - 4 scrolls of enchant weapon {unknown}
 r - a scroll of amnesia {unknown}
 z - 6 scrolls of teleportation
 F - a scroll of recharging {unknown}
 K - a scroll of magic mapping {unknown}
 O - a scroll of blinking {unknown}
 Q - a scroll of holy word {unknown}
 U - a scroll of vulnerability {unknown}
Potions
 j - 3 potions of ambrosia {unknown}
 l - 3 potions of curing {unknown}
 n - a potion of cancellation {unknown}
 s - a potion of might {unknown}
 t - 3 potions of mutation {unknown}
 x - 3 potions of magic {unknown}
 A - a potion of degeneration {unknown}
 B - 2 potions of brilliance {unknown}
 C - a potion of heal wounds {unknown}
 E - 2 potions of agility {unknown}
 H - a potion of invisibility {unknown}
 L - 2 potions of berserk rage {unknown}
 M - a potion of lignification {unknown}
 R - 4 potions of haste {unknown}
 S - 2 potions of flight {unknown}
Comestibles
 f - 4 bread rations
 u - 2 meat rations
 J - 4 fruits
 N - a royal jelly


   Skills:
 + Level 5.0 Fighting
 * Level 7.0 Long Blades
 + Level 14.0 Slings
 + Level 6.0 Dodging
 - Level 1.1 Stealth


You had 9 spell levels left.
You didn't know any spells.

Dungeon Overview and Level Annotations

Branches:
Dungeon (9/15)             Temple (1/1) D:6            Lair (0/6) D:8
    Orc (0/2) D:9

Altars:
Ashenzari
Cheibriados
Dithmenos
Elyvilon
Fedhas
Gozag
Hepliaklqana
Kikubaaqudgha
Makhleb
Nemelex Xobeh
Okawaru
Qazlal
Ru
Sif Muna
Trog
Uskayaw
Vehumet
Xom
Yredelemnul
Zin
The Shining One

Shops:
D:7 ?

Annotations:
D:7 Dominolapin's ghost, novice HOAK


Innate Abilities, Weirdness & Mutations

You are small and have problems with some larger weapons.
You are somewhat resistant to further mutation.


Message History

The basilisk bites you but does no damage.
The crocodile bites you! The porcupine bites you!
You turn to flesh and can move again.
The basilisk gazes at you. You resist with some effort.
The basilisk gazes at you.
You are slowing down.
The porcupine barely misses you.
Your limbs are stiffening.
The porcupine bites you!
You have turned to stone.
The porcupine bites you.
* * * LOW HITPOINT WARNING * * *
The porcupine bites you!
* * * LOW HITPOINT WARNING * * *
The porcupine bites you!
* * * LOW HITPOINT WARNING * * *
The porcupine bites you!
* * * LOW HITPOINT WARNING * * *
The porcupine bites you!
You die...
Your body rises from the dead as a mindless zombie.

#....# ♣....
#....#####
.P......##........#
........##....###.#
P.......#####.#<#.#
P♣P.....#####.#...#
(.............#.###
†..(..........#####.#
P.((.........ltr@...#
...(..)(......#######
#..(....((....#
.[............#
#.............#
#.............#
#............[#
#..........(..#
#.............#


You could see a basilisk, a crocodile and a porcupine.

Vanquished Creatures
  Grinder (D:4)
  Sigmund (D:5)
  The ghost of hilaritas the Magician, an amateur DEIE of Vehumet (D:4)
  Eustachio (D:4)
  A yak (D:8)
  Duvessa (D:4)
  An orc warrior (D:7)
  A porcupine (D:8)
  2 ice beasts
  A sky beast (D:8)
  A phantom (D:7)
  An ogre (D:4)
  The ghost of Jawreze the Shooter, an amateur CeHu (D:3)
  A necrophage (D:7)
  2 centaurs
  An elf zombie (Ossuary)
  2 bullfrogs
  Dowan (D:4)
  3 bullfrog zombies (D:6)
  9 centaur zombies (Ossuary)
  A quasit (D:6)
  3 orc priests
  2 human zombies (Ossuary)
  A centaur skeleton (D:5)
  4 hounds
  2 jellies
  An orc wizard (D:3)
  2 bullfrog skeletons
  An iguana (D:6)
  4 worker ants
  A killer bee zombie (D:7)
  A hound skeleton (D:7)
  4 mummies
  A gnoll (D:1)
  8 adders
  2 shadow imps
  2 oozes
  2 worms
  2 dart slugs
  4 leopard geckos
  18 orcs
  2 ball pythons
  3 giant cockroaches
  11 goblins
  11 hobgoblins
  14 jackals
  11 kobolds
  3 quokkas
  5 bats
  A frilled lizard (D:1)
  A goblin zombie (D:7)
  3 jackal skeletons
  A leopard gecko skeleton (D:5)
  A leopard gecko zombie (D:7)
  An orc zombie (D:7)
  A quokka skeleton (D:7)
  5 rats
173 creatures vanquished.

Notes
Turn   | Place    | Note
-------+----------+-------------------------------------------
     0 | D:1      | Jawreze the Halfling Hunter began the quest for the Orb.
     0 | D:1      | Reached XP level 1. HP: 14/14 MP: 1/1
    19 | D:1      | Reached skill level 6 in Slings
   120 | D:1      | Reached XP level 2. HP: 19/19 MP: 2/2
   354 | D:1      | Reached skill level 7 in Slings
   354 | D:1      | Reached XP level 3. HP: 24/24 MP: 3/3
  1151 | D:2      | Reached XP level 4. HP: 29/29 MP: 4/4
  1175 | D:2      | Found a bloodstained altar of Trog.
  1288 | D:2      | Reached skill level 8 in Slings
  1612 | D:2      | Found a shattered altar of Ashenzari.
  1770 | D:3      | Found a snail-covered altar of Cheibriados.
  1773 | D:3      | Noticed Jawreze's ghost (amateur CeHu)
  2073 | D:3      | Reached XP level 5. HP: 34/34 MP: 5/5
  2083 | D:3      | Reached skill level 9 in Slings
  3014 | D:3      | Killed Jawreze's ghost
  3014 | D:3      | Reached skill level 10 in Slings
  3014 | D:3      | Reached XP level 6. HP: 38/39 MP: 6/6
  3152 | D:4      | Noticed Grinder
  3165 | D:4      | Killed Grinder
  3165 | D:4      | Reached skill level 11 in Slings
  3165 | D:4      | Reached XP level 7. HP: 41/44 MP: 7/7
  3166 | D:4      | Noticed Eustachio
  3188 | D:4      | Killed Eustachio
  3188 | D:4      | Reached skill level 12 in Slings
  3333 | D:4      | Found a shattered altar of Ashenzari.
  3520 | D:4      | Noticed Dowan
  3525 | D:4      | Noticed Duvessa
  3700 | D:4      | Killed Dowan
  3700 | D:4      | Reached skill level 1 in Long Blades
  3709 | D:4      | Reached XP level 8. HP: 50/50 MP: 8/8
  3718 | D:4      | Killed Duvessa
  4182 | D:4      | Noticed hilaritas's ghost (amateur DEIE)
  4200 | D:4      | Killed hilaritas's ghost
  4276 | D:5      | Entered Level 5 of the Dungeon
  4745 | D:5      | Found a hazy altar of Hepliaklqana.
  4746 | D:5      | Found a shimmering altar of Xom.
  4747 | D:5      | Noticed a spectral ugly thing
  4937 | D:5      | Reached XP level 9. HP: 57/57 MP: 9/9
  5245 | D:5      | Noticed Sigmund
  5260 | D:5      | Killed Sigmund
  5260 | D:5      | Reached skill level 13 in Slings
  5771 | D:6      | Reached skill level 5 in Long Blades
  5922 | D:6      | Found a staircase to the Ecumenical Temple.
  5932 | Temple   | Entered the Ecumenical Temple
  6081 | Temple   | Became a worshipper of Yredelemnul the Dark
  6401 | D:7      | Noticed Dominolapin's ghost (novice HOAK)
  6734 | D:7      | You fall through a shaft for 2 floors!
  6734 | D:9      | Found a staircase to the Orcish Mines.
  6899 | D:7      | Found Vejipsit's Magic Scroll Boutique.
  6907 | D:7      | Bought a scroll of remove curse for 45 gold pieces
  6907 | D:7      | Bought a scroll of fear for 52 gold pieces
  6907 | D:7      | Bought a scroll of teleportation for 45 gold pieces
  6907 | D:7      | Bought a scroll of teleportation for 45 gold pieces
  6907 | D:7      | Bought a scroll of teleportation for 45 gold pieces
  6924 | D:7      | Reached skill level 5 in Dodging
  7080 | D:7      | Found a sand-covered staircase.
  7092 | Ossuary  | Entered an ossuary
  7537 | Ossuary  | Reached XP level 10. HP: 29/65 MP: 10/10
  7547 | Ossuary  | Reached * piety under Yredelemnul
  8302 | D:8      | Reached skill level 5 in Fighting
  8302 | D:8      | Reached skill level 14 in Slings
  8303 | D:8      | Found a staircase to the Lair.
  8349 | D:8      | HP: 2/66 [porcupine (6)]
  8349 | D:8      | Slain by a porcupine

Skill      XL: |  1  2  3  4  5  6  7  8  9 10 |
---------------+-------------------------------+-----
Slings         | 6 7 8 10 11 12 13 14 | 14.0
Fighting       | 2 3 4 5 |  5.0
Long Blades    | 1 4 6 7 |  7.0
Dodging        | 4 5 6 |  6.0
Stealth        | |  1.1

Action                   |  1- 3 |  4- 6 |  7- 9 | 10-12 || total
-------------------------+-------+-------+-------+-------++-------
 Fire: Hunting sling     |    72 |   148 |   619 |   126 ||   965
  Use: Scroll            |       |       |     2 |       ||     2
  Eat: Chunk             |     1 |     3 |     5 |     2 ||    11
       Meat ration       |       |     1 |     1 |       ||     2
Armor: Leather armour    |     1 |    11 |    38 |     4 ||    54
Dodge: Dodged            |     9 |    26 |   156 |    19 ||   210
